Euphox, chaotic male elven Wizard ----- ---- ------ |...| ---- --- |..-- --.--.--------- |...--- |..--- --.-- |...| |.......|.^|..| ---...| ---....| |...| --..-- --[.>.........| ---.--|%..--.---- --- |..-- ----..-- --)...--.....-- |...|.---|....| --.--- ---..| --....-- )(.-.-|......| -----...| |-...----....| .....--------....-- #......*.%^...| |.. ....| |............| ---.--............-| * # |....)...| |.......-----...%----..-------|....-..----.......-- # .----.----...| |.........| ---..^|-.........||.--|.^.| --.......| # |)|...| |%..| |.........--- --.-|...------.--.| |...| ..|..--- # |...-------..-- |-..........-- ---|...-- |....| --.-. |.---.C@| ## |.............| |.....--.....-- |....-------..| --- * ---.| |-..-..# ---.--..----...-- --.-----......| ---.|....--|..| #|.^.---.....| |...||...| |...-- --- |..-..-.--- ----.|..|---- ---..........|.------.-----.----....| |.........-- ----.| |.....^..........||...| ---|...|.-- --.........-- --- |.......-..--.--%--.--- ----.----- |..........-- ---.--....-- # |....-- --....| ---.........| -----..-- # --....| |...--- ---.--.|.-- |..| --..-- --.-- -------- ---- ---- --- Euphox the Thaumaturge Experience level: 8 Strength: 10 Dexterity: 14 Constitution: 15 Intelligence: 16 Wisdom: 11 Charisma: 11 Health: 0(59) Energy: 84(97) AC: 7 Gold: 112 Moves: 6196 Your Inventory: Coins $ - 112 gold pieces Weapons a - a blessed +3 quarterstaff (weapon in hands) Armor b - an uncursed +0 cloak of magic resistance (being worn) J - an uncursed +0 dwarvish iron helm (being worn) O - a blessed +2 mummy wrapping Comestibles g - an [uncursed] tin of spinach q - an [uncursed] tripe ration T - 2 uncursed tripe rations Scrolls u - an [uncursed] scroll of teleportation Spellbooks m - an uncursed spellbook of extra healing B - an uncursed spellbook of confuse monster C - an uncursed spellbook of levitation Y - an uncursed spellbook of protection Rings d - an uncursed ring of poison resistance (on right hand) e - an uncursed ring of protection from shape changers (on left hand) Wands c - an uncursed wand of make invisible (0:3) I - an uncursed wand of digging (0:1) U - a cursed wand of teleportation (0:6) V - an uncursed wand of cold (0:7) Tools f - an uncursed blindfold i - 5 [uncursed wax] candles n - an uncursed wooden flute Spells known in the end: Name Level Category Fail Memory a - force bolt 1 attack 0% [||||||..] b - protection 1 clerical 0% [||||||||] c - confuse monster 2 enchantment 0% [|||||||.] d - extra healing 3 healing 97% [||||||..] e - levitation 4 escape 100% [|||||||.] Your skills at the end: Fighting Skills Weapon Skills quarterstaff [Basic / Expert] Spellcasting Skills attack spells [Skilled / Expert] enchantment spells [Basic / Skilled] Final Attributes: You were piously aligned. Hunger level was 476. Your alignment was 39 / 40. Monster difficulty range was 0 - 6. Level difficulty was 4. You resisted fire. You were immune to sleep. You were immune to poison. You were magic-protected. You were punished. You saw invisible. You were telepathic. You had infravision. You were invisible to others. You were protected from shape changers. Your luck was zero. You are dead (2nd time!). Vanquished creatures: a small mimic a quivering blob 2 leprechauns an orc mummy a lizard a dwarf lord a gnome mummy 4 human zombies 5 soldier ants 3 fire ants a wood nymph a water nymph an orc shaman a rock mole a yellow light a gnome lord a kobold mummy a gray ooze 4 elf zombies a straw golem a wax golem a giant ant a little dog 3 floating eyes a kitten 3 dwarves a kobold lord 6 hill orcs 7 rothes 2 giant bats 2 iguanas 4 hobbits a large kobold 3 giant rats a cave spider a red mold 13 gnomes a gecko 11 jackals a fox 2 kobolds a goblin 4 sewer rats 6 grid bugs 2 bats a lichen 2 kobold zombies 11 newts 126 creatures vanquished. Voluntary challenges: You used a wielded weapon 84 times. You read items or engraved 24 times. You put on armor 14 times. You never genocided any monsters. You never polymorphed an object. You never changed form. You used no wishes. You wrote Elbereth's name 3 times. You never encountered a bones level. You never used any Sokoban shortcuts. Dungeon overview: The Dungeons of Doom: levels 1 to 7 Level 1 a long staircase Level 3 stairs to The Gnomish Mines Level 4 a pet store Level 5 a general store Level 6 an altar Level 7 a fountain The Gnomish Mines: Level 4 <- You were here stairs to The Dungeons of Doom History has recorded: On T:1 you entered the Dungeons of Doom to retrieve the Amulet of Yendor! On T:221 you advanced to experience level 2. On T:543 you reached level 2 of The Dungeons of Doom. On T:560 you advanced to experience level 3. On T:1023 you reached level 3 of The Dungeons of Doom. On T:1175 you advanced to experience level 4. On T:1412 you reached level 1 of The Gnomish Mines. On T:1516 you reached level 4 of The Dungeons of Doom. On T:1757 you advanced to experience level 5. On T:1955 you advanced to experience level 6. On T:1989 you reached level 5 of The Dungeons of Doom. On T:2297 you reached level 6 of The Dungeons of Doom. On T:2555 you reached level 7 of The Dungeons of Doom. On T:2780 you were saved from death by your amulet of life saving! On T:2996 you advanced to experience level 7. On T:4006 you advanced to experience level 8. Latest messages: The plains centaur kicks! The plains centaur swings her crossbow. The plains centaur hits! The plains centaur kicks! [HP-20=22] The spell hits the plains centaur! The plains centaur swings her crossbow. The plains centaur hits! The plains centaur kicks! [HP-9=13] The spell hits the plains centaur! The plains centaur swings her crossbow. The plains centaur hits! The plains centaur kicks! The plains centaur swings her crossbow. The plains centaur hits! The plains centaur kicks! You die... Final status: Goodbye Euphox the Wizard... You died in The Gnomish Mines on dungeon level 4 with 5041 points, and 112 pieces of gold, after 6196 moves. You were level 8 with a maximum of 59 hit points when you died.